 Dungeon Sprint DCSS version 0.29.1-15-g9cfb28693d (webtiles) character file.

Game seed: 15887092937195505489

14 boopmooplesden the Carver (level 4, -4/48 HPs)
             Began as a Minotaur Berserker on Mar 9, 2023.
             Was a Priest of Trog.
             Killed from afar by an orc wizard (8 damage)
             ... with a magic dart
             ... in the Dungeon (Sprint VI: "Thunderdome").
             The game lasted 00:01:17 (242 turns).

boopmooplesden the Carver (Minotaur Berserker)       Turns: 242, Time: 00:01:18

Health: -4/48      AC:  2    Str: 29    XL:     4   Next: 70%
Magic:  3/3        EV: 18    Int:  5    God:    Trog [***...]
Gold:   85         SH:  0    Dex: 16    Spells: 3/3 levels left

rFire   . . .      SeeInvis .   a - +0 falchion
rCold   x . .      Faith    .   (no shield)
rNeg    . . .      Spirit   .   b - +0 animal skin
rPois   .          Reflect  .   (helmet restricted)
rElec   +          Harm     .   (no cloak)
rCorr   +          Rampage  .   (no gloves)
Will    .....      NoTele   +   (no boots)
Stlth   ++........              n - amulet "Momod" {RegenMP rCorr Int-2 Slay+2}
HPRegen 0.16/turn               o - ring of the Freezing God {rElec Int+6 Dex+5 Slay-3 Stlth+}
MPRegen 0.48/turn               m - ring "Xuhirr" {rElec rC- EV+4 Str+7 Int-3}

@: confused, on berserk cooldown, slowed, very slow
A: horns 2, retaliatory headbutt
a: Renounce Religion, Berserk, Trog's Hand


You were in the Dungeon.
You worshipped Trog.
Trog was most pleased with you.
You visited 1 branch You collected 220 gold pieces.
You spent 135 gold pieces at shops.

Inventory:

Hand Weapons
 a - a +0 falchion (weapon)
Armour
 b - a +0 animal skin (worn)
Jewellery
 m - the ring "Xuhirr" (right hand) {rElec rC- EV+4 Str+7 Int-3}
   (You bought it in a shop in the Dungeon)

   [ring of evasion]

   EV:        It affects your evasion (+4).
   Str:       It affects your strength (+7).
   Int:       It affects your intelligence (-3).
   rC:        It makes you vulnerable to cold.
   rElec:     It insulates you from electricity.
 n - the amulet "Momod" (around neck) {RegenMP rCorr Int-2 Slay+2}
   (You bought it in a shop in the Dungeon)

   [amulet of magic regeneration]

   It increases your rate of magic regeneration.
   Int:       It affects your intelligence (-2).
   Slay:      It affects your accuracy & damage with ranged weapons and melee
   (+2).
   rCorr:     It protects you from acid and corrosion.
 o - the ring of the Freezing God (left hand) {rElec Int+6 Dex+5 Slay-3 Stlth+}
   (You bought it in a shop in the Dungeon)

   [ring of intelligence]

   Int:       It affects your intelligence (+6).
   Dex:       It affects your dexterity (+5).
   Slay:      It affects your accuracy & damage with ranged weapons and melee
   (-3).
   rElec:     It insulates you from electricity.
   Stlth:     It makes you more stealthy.
Wands
 j - a wand of quicksilver (5)
 k - a wand of iceblast (5)
 p - a wand of polymorph (8)
Scrolls
 h - 4 scrolls of blinking
 l - 3 scrolls of fog
Potions
 c - a potion of curing
 d - 3 potions of heal wounds
 e - 4 potions of haste
 f - 2 potions of magic
 g - a potion of berserk rage
 i - a potion of resistance


   Skills:
 + Level 7.7 Fighting
 + Level 8.0 Long Blades
 + Level 4.1 Armour
 + Level 4.2 Dodging
 + Level 0.1 Stealth


You had 3 spell levels left.
You didn't know any spells.
Your spell library was empty.

Dungeon Overview and Level Annotations

Branches:
Dungeon (1/1)

Altars:
Cheibriados
Dithmenos
Fedhas
Gozag
Kikubaaqudgha
Makhleb
Okawaru
Qazlal
Ru
Sif Muna
Trog
Uskayaw
Vehumet
Wu Jian
Xom
Yredelemnul
Zin
The Shining One
Lugonu

Shops:
D *[??*?*:[((!!!!


Innate Abilities, Weirdness & Mutations

You have a pair of horns on your head.
You reflexively headbutt those who attack you in melee.


Message History

The magic dart hits you!
* * * LOW HITPOINT WARNING * * *
A red film seems to cover your vision as you go berserk!
You feel yourself moving faster!
You feel mighty!
The orc wizard hits you with a +0 dagger.
* * * LOW HITPOINT WARNING * * *
The orc hits you with a +0 whip.
* * * LOW HITPOINT WARNING * * *
You hear some strange, mumbled words.
You are confused.
You slash the orc!
You kill the orc!
Trog accepts your kill. The orc wizard completely misses you.
Something barely misses you. The orc wizard barely misses you.
You hit the orc wizard. Your headbutt misses the orc wizard.
The orc wizard is heavily wounded.
You're too confused to move! 50...
The orc wizard closely misses you. Something hits you.
* * * LOW HITPOINT WARNING * * *
You feel a strong urge to attack something.
There is a spawn point here.
You are no longer berserk.
You are exhausted.
You feel yourself slow down.
You hear some strange, mumbled words.
You are more confused.
The orc wizard closely misses you.
There is a spawn point here.
You closely miss something. Your headbutt misses something.
Something completely misses you.
The orc wizard hits you but does no damage.
You hear some strange, mumbled words.
You are more confused.
You bump into the stone wall.
The orc wizard misses you.
You hear some strange, mumbled words.
A magic dart appears from out of thin air!
The magic dart hits you!
You die...

##.............###.........
#⌠..........###...###......
#⌠..........# #.<.# #......
#⌠..........###...###......
##...........).###.........
###∩........8.# #.8.......
##∩.__...÷..###......___
######o8......)..8.####
#@{.)..[†....⌠#
###.........### #_......._#
#_.......)# #_......._#
#∩.......∩# ##∩.....∩##
##.....## ##⌠⌠⌠##


You could see an orc wizard.

Vanquished Creatures
  Blork the orc (D)
  Jessica (D)
  A gnoll (D)
  4 orcs (D)
  A giant cockroach (D)
  A hobgoblin (D)
  A rat (D)
10 creatures vanquished.

Notes
Turn   | Place    | Note
-------+----------+-------------------------------------------
     0 | D        | boopmooplesden the Minotaur Berserker began the quest for
                  | the Orb.
     0 | D        | Reached XP level 1. HP: 19/19 MP: 0/0
     3 | D        | Found a burning altar of Makhleb.
     3 | D        | Found a blossoming altar of Fedhas.
     4 | D        | Found a glowing golden altar of the Shining One.
     4 | D        | Found a radiant altar of Vehumet.
     5 | D        | Round 1.
     6 | D        | Found a shimmering altar of Xom.
     6 | D        | Found Sair's Identification Station.
     7 | D        | Found Bixy's Jewellery.
     7 | D        | Found Loifracu's Advanced Armour.
    15 | D        | Bought a heavily runed glass ring for 45 gold pieces
    15 | D        | Identified the ring "Xuhirr" {rElec rC- EV+4 Str+7 Int-3}
                  | (You bought it in a shop in the Dungeon)
    15 | D        | Bought a glittering diamond amulet for 45 gold pieces
    15 | D        | Identified the amulet "Momod" {RegenMP rCorr Int-2 Slay+2}
                  | (You bought it in a shop in the Dungeon)
    15 | D        | Bought a glittering wooden ring for 45 gold pieces
    15 | D        | Identified the ring of the Freezing God {rElec Int+6 Dex+5
                  | Slay-3 Stlth+} (You bought it in a shop in the Dungeon)
    25 | D        | Found a glowing silver altar of Zin.
    26 | D        | Found a shadowy altar of Dithmenos.
    32 | D        | Found a hide-covered altar of Uskayaw.
    32 | D        | Found an ornate altar of the Wu Jian Council.
    33 | D        | Found a sacrificial altar of Ru.
    33 | D        | Found Geibiquo's Premium Goods.
    33 | D        | Found Aliti's Weapon Rack.
    33 | D        | Noticed Jessica
    36 | D        | Found Teduzomesm's Miscellaneous Merchandise.
    36 | D        | Found Heimm's Basic Armour.
    40 | D        | Killed Jessica
    41 | D        | Reached skill level 5 in Fighting
    41 | D        | Reached skill level 5 in Long Blades
    41 | D        | Reached XP level 2. HP: 30/30 MP: 1/1
    63 | D        | Found a shimmering blue altar of Sif Muna.
    66 | D        | Reached ** piety under Trog
    67 | D        | Reached XP level 3. HP: 26/37 MP: 2/2
    68 | D        | Found an iron altar of Okawaru.
    69 | D        | Found an ancient bone altar of Kikubaaqudgha.
    70 | D        | Found a bloodstained altar of Trog.
    70 | D        | Found a snail-covered altar of Cheibriados.
    78 | D        | Reached skill level 6 in Long Blades
    85 | D        | Arena points: 14 (+14) [x2]
   132 | D        | Round 2.
   133 | D        | Noticed Blork the orc
   143 | D        | Killed Blork the orc
   143 | D        | Reached *** piety under Trog
   144 | D        | Reached skill level 7 in Long Blades
   144 | D        | Reached XP level 4. HP: 25/48 MP: 3/3
   186 | D        | Reached skill level 8 in Long Blades
   193 | D        | Found a stormy altar of Qazlal.
   194 | D        | Found Secyum's Magic Scroll Shop.
   195 | D        | Found a corrupted altar of Lugonu.
   195 | D        | Found a basalt altar of Yredelemnul.
   195 | D        | Found Humai's Staff Store.
   195 | D        | Found Bikuifup's Magic Scroll Shop.
   195 | D        | Found Dacaon's Must-Have Magic.
   200 | D        | Found an opulent altar of Gozag.
   202 | D        | Found Det Hehe's Distillery.
   203 | D        | Found Ygosuife's Distillery.
   203 | D        | Found Lasch's Bottled Wisdom.
   204 | D        | Found Daag's Do-It-Yourself Clinic.
   242 | D        | Killed from afar by an orc wizard

Illustrated notes

Levels and vault maps discovered:
D:        arena_sprint

Skill      XL: |  1  2  3  4 |
---------------+-------------+-----
Fighting       | 5 7 |  7.7
Long Blades    | 5 7 8 |  8.0
Armour         | 3 4 |  4.1
Dodging        | 3 4 |  4.2
Stealth        | |  0.1

Action                   |  1- 3 |  4- 6 || total
-------------------------+-------+-------++-------
Melee: Falchion          |    20 |    10 ||    30
       Headbutt          |     4 |     3 ||     7
Invok: Berserk           |     2 |     1 ||     3
  Use: Potion            |       |     1 ||     1
Armor: Animal skin       |       |     2 ||     2
Dodge: Dodged            |    18 |    14 ||    32
